[Event "-chT Youth Countries 2019"]
[Site "Wuerzburg"]
[Date "2019.10.03"]
[Round "3.8"]
[White "Sens, Gerda"]
[Black "Richter, Johanna"]
[Result "1-0"]
[ECO "B07"]
[WhiteElo "1291"]
[BlackElo "942"]
[Annotator "NA"]
[PlyCount "101"]
[EventDate "2019.10.02"]
[EventType "team-tourn"]
[EventRounds "7"]
[EventCountry "GER"]
[SourceTitle "playchess.com"]
[Source "ChessBase"]
[SourceQuality "1"]
[WhiteTeam "Mecklenburg-Vorpommern"]
[BlackTeam "Rheinland-Pfalz"]
[TimeControl "40/5400+30:1800+30"]

1. e4 d6 2. d4 Nf6 3. Nc3 g6 4. f3 a6 5. Be3 b5 6. Qd2 Bb7 7. O-O-O Nbd7 8. Nge2 b4 9. Na4 a5 10. b3 Bc6 11. Nb2 Qb8 12. a4 bxa3 13. Nc4 Qb4 14. Qxb4 axb4 15. Bd2 a2 16. Kb2 e5 17. Bxb4 exd4 18. Nxd4 Bb7 19. Na5 c5 20. Nxb7 cxb4 21. Bb5 Ra7 22. Bc6 Be7 23. Nb5 Ra6 24. Nc7+ Kf8 25. Nxa6 Kg7 26. Nxb4 Rc8 27. Nxd6 Rb8 28. Nxa2 Rb6 29. Bxd7 Bxd6 30. Bh3 Be5+ 31. Nc3 Rc6 32. Rd3 Nh5 33. g3 Nf6 34. Ra1 Ne8 35. Bd7 Bxc3+ 36. Rxc3 Rxc3 37. Kxc3 Nc7 38. Ra7 Nb5+ 39. Bxb5 Kf8 40. Bc6 Kg7 41. b4 Kh6 42. b5 Kg7 43. b6 Kh6 44. b7 Kg7 45. b8=Q Kf6 46. Qf4+ Kg7 47. Qxf7+ Kh6 48. Qxh7+ Kg5 49. h4+ Kf6 50. Qf7+ Ke5 51. Qe7# {normal Kd5} 1-0

[Event "-chT Youth Countries 2019"]
[Site "Wuerzburg"]
[Date "2019.10.04"]
[Round "4.1"]
[White "Roseneck, Jonas"]
[Black "Herbrig, Alexander"]
[Result "1-0"]
[ECO "B36"]
[WhiteElo "2402"]
[BlackElo "2295"]
[Annotator "NA"]
[PlyCount "43"]
[EventDate "2019.10.02"]
[EventType "team-tourn"]
[EventRounds "7"]
[EventCountry "GER"]
[SourceTitle "playchess.com"]
[Source "ChessBase"]
[SourceQuality "1"]
[WhiteTeam "Sachsen-Anhalt"]
[BlackTeam "Sachsen"]
[TimeControl "40/5400+30:1800+30"]

1. e4 c5 2. Nf3 Nc6 3. d4 cxd4 4. Nxd4 g6 5. c4 Nf6 6. Nc3 Nxd4 7. Qxd4 d6 8. f3 Bg7 9. Be3 O-O 10. Qd2 Bd7 11. Be2 Bc6 12. h4 Qa5 13. g4 h5 14. gxh5 Nxh5 15. Rg1 e5 16. O-O-O Rfc8 17. Kb1 a6 18. Rg5 b5 19. Rxh5 gxh5 20. Bh6 Bf6 {[%emt 0:03:42] normal} 21. Nd5 Qd8 22. Rg1+ {[%emt 0:01:40] normal} 1-0

[Event "-chT Youth Countries 2019"]
[Site "Wuerzburg"]
[Date "2019.10.04"]
[Round "4.1"]
[White "Polster, Christian"]
[Black "Browning, Alex"]
[Result "1-0"]
[ECO "B96"]
[WhiteElo "2279"]
[BlackElo "2291"]
[Annotator "NA"]
[PlyCount "96"]
[EventDate "2019.10.02"]
[EventType "team-tourn"]
[EventRounds "7"]
[EventCountry "GER"]
[SourceTitle "playchess.com"]
[Source "ChessBase"]
[SourceQuality "1"]
[WhiteTeam "Niedersachsen"]
[BlackTeam "Nordrhein-Westfalen"]
[TimeControl "40/5400+30:1800+30"]

1. e4 c5 2. Nf3 d6 3. d4 cxd4 4. Nxd4 Nf6 5. Nc3 a6 6. Bg5 e6 7. f4 h6 8. Bh4 Qb6 9. a3 Be7 10. Bf2 Qc7 11. Qf3 Nbd7 12. O-O-O b5 13. g4 Bb7 14. Bg2 Nc5 15. Rhe1 O-O 16. Qh3 d5 17. exd5 Qxf4+ 18. Kb1 Qxg4 19. Nf5 Qxf5 20. Qxf5 exf5 21. Rxe7 Ncd7 22. Bh3 g6 23. Bd4 Rab8 24. Bxf5 Rfd8 25. Bxd7 Nxd7 26. Rf1 f6 27. Bxf6 Nxf6 28. Rxf6 Bxd5 29. Rxg6+ Kf8 30. Rh7 Bg8 31. Rf6+ Ke8 32. Rg7 Bd5 33. Rxh6 Kf8 34. Rc7 Kg8 35. Rxa6 Bf7 36. b3 b4 37. axb4 Rxb4 38. Ra4 Rb6 39. Kb2 Rd2 40. Ra8+ Kg7 41. Raa7 Rf2 42. Rab7 Rxb7 43. Rxb7 Rxh2 44. Nb5 Kf6 45. Nd4 Bd5 46. Rb5 Be4 47. b4 Rh3 48. Rc5 Bh1 {[%emt 0:00:56] normal} 1-0

[Event "-chT Youth Countries 2019"]
[Site "Wuerzburg"]
[Date "2019.10.04"]
[Round "4.1"]
[White "Vuckovic, Zarko"]
[Black "Muckle, Julius"]
[Result "1-0"]
[ECO "D10"]
[WhiteElo "2253"]
[BlackElo "2398"]
[Annotator "NA"]
[PlyCount "85"]
[EventDate "2019.10.02"]
[EventType "team-tourn"]
[EventRounds "7"]
[EventCountry "GER"]
[SourceTitle "playchess.com"]
[Source "ChessBase"]
[SourceQuality "1"]
[WhiteTeam "Bayern 1"]
[BlackTeam "Rheinland-Pfalz"]
[TimeControl "40/5400+30:1800+30"]

1. d4 d5 2. c4 c6 3. cxd5 cxd5 4. Bg5 h6 5. Bh4 Qb6 6. Nc3 e6 7. Qd2 Nc6 8. e3 Bd7 9. Bd3 Rc8 10. Nf3 Nf6 11. O-O Bb4 12. Bxf6 gxf6 13. Rac1 Na5 14. e4 dxe4 15. Bxe4 Nc4 16. Qf4 f5 17. Bb1 Qd6 18. Qh4 Qe7 19. Qh5 Nxb2 20. Ne2 Bd6 21. d5 Kd8 22. Ned4 Qf6 23. Rfe1 Na4 24. Rxc8+ Kxc8 25. dxe6 fxe6 26. Nxe6 Re8 27. Bxf5 Nc5 28. Rc1 Rxe6 29. Bxe6 Bxe6 30. Rxc5+ Bxc5 31. Qxc5+ Kd7 32. Ne5+ Ke8 33. Qd6 Qe7 34. Qd4 Bxa2 35. h3 Qe6 36. Qa4+ Kd8 37. f4 a6 38. Qe4 Kc8 39. f5 Qd5 40. Qf4 Qg8 41. f6 Bd5 42. g4 {[%emt 0:01:41] normal} Qf8 43. Qf5+ {[%emt 0:00:39] normal} 1-0

[Event "-chT Youth Countries 2019"]
[Site "Wuerzburg"]
[Date "2019.10.04"]
[Round "4.1"]
[White "Nguyen, Huy Dat"]
[Black "Weihrauch, Jakob"]
[Result "1/2-1/2"]
[ECO "B50"]
[WhiteElo "2181"]
[BlackElo "2167"]
[Annotator "NA"]
[PlyCount "41"]
[EventDate "2019.10.02"]
[EventType "team-tourn"]
[EventRounds "7"]
[EventCountry "GER"]
[SourceTitle "playchess.com"]
[Source "ChessBase"]
[SourceQuality "1"]
[WhiteTeam "Thüringen"]
[BlackTeam "Hamburg/Schleswig-Holstein"]
[TimeControl "40/5400+30:1800+30"]

1. e4 c5 2. Nf3 d6 3. Bc4 Nf6 4. d3 Nc6 5. O-O g6 6. c3 Bg7 7. h3 O-O 8. Bb3 e5 9. Bg5 h6 10. Be3 b6 11. Ba4 Bb7 12. Bxc6 Bxc6 13. c4 Ne8 14. Nc3 f5 15. Nd5 f4 16. Bd2 Bxd5 17. cxd5 g5 18. b4 Nf6 19. bxc5 bxc5 20. Rb1 Qe8 21. Rb7 {[%emt 0:01:22] normal} 1/2-1/2

[Event "-chT Youth Countries 2019"]
[Site "Wuerzburg"]
[Date "2019.10.04"]
[Round "4.1"]
[White "Fromm, Marius"]
[Black "Degenhard, Simon"]
[Result "0-1"]
[ECO "A06"]
[WhiteElo "2124"]
[BlackElo "2084"]
[Annotator "ChessBase"]
[PlyCount "60"]
[EventDate "2019.10.02"]
[EventType "team-tourn"]
[EventRounds "7"]
[EventCountry "GER"]
[SourceTitle "playchess.com"]
[Source "ChessBase"]
[SourceQuality "1"]
[WhiteTeam "Mecklenburg-Vorpommern"]
[BlackTeam "Württemberg"]
[TimeControl "40/5400+30:1800+30"]

1. Nf3 d5 2. c4 c6 3. g3 Nf6 4. Bg2 dxc4 5. O-O Nbd7 6. Na3 Nb6 7. Qc2 Be6 8. Ng5 Bg4 9. Nxc4 Bxe2 10. Ne5 Bh5 11. Re1 h6 12. Nh3 Nfd7 13. Nf4 Nxe5 14. Rxe5 Bg4 15. Ng6 Qd6 16. Nxh8 Qxe5 17. Be4 Be6 18. d3 g5 19. Be3 Nd5 20. Qb3 Nb6 21. Qa3 Bg7 22. Ng6 fxg6 23. Bxg6+ Kf8 24. Bxb6 Qxb2 25. Qxb2 Bxb2 26. Rb1 axb6 27. Rxb2 b5 28. Kf1 Rxa2 29. Rxa2 Bxa2 30. Ke2 Kg7 {[%emt 0:01:39] normal} 0-1

[Event "-chT Youth Countries 2019"]
[Site "Wuerzburg"]
[Date "2019.10.04"]
[Round "4.2"]
[White "Koelle, Tobias"]
[Black "Lange, Jannis"]
[Result "1/2-1/2"]
[ECO "D85"]
[WhiteElo "2281"]
[BlackElo "2080"]
[Annotator "ChessBase"]
[PlyCount "83"]
[EventDate "2019.10.02"]
[EventType "team-tourn"]
[EventRounds "7"]
[EventCountry "GER"]
[SourceTitle "playchess.com"]
[Source "ChessBase"]
[SourceQuality "1"]
[WhiteTeam "Württemberg"]
[BlackTeam "Mecklenburg-Vorpommern"]
[TimeControl "40/5400+30:1800+30"]

1. d4 Nf6 2. c4 g6 3. Nc3 d5 4. cxd5 Nxd5 5. e4 Nxc3 6. bxc3 Bg7 7. Qa4+ Nd7 8. Nf3 a6 9. Be2 O-O 10. O-O b5 11. Qc2 c5 12. d5 Nb6 13. Rb1 Na4 14. Bd2 Qa5 15. Rfc1 Bg4 16. h3 Bxf3 17. Bxf3 c4 18. g3 e6 19. h4 exd5 20. exd5 Rad8 21. h5 Nb6 22. Bg5 Rd7 23. d6 Na4 24. Be7 Nxc3 25. Bxf8 Kxf8 26. h6 Be5 27. Re1 f6 28. Rbc1 b4 29. Be4 Kf7 30. Qd2 Rxd6 31. Qe3 Qb6 32. Qf3 Rd2 33. Re3 Bd4 34. Bd5+ Kf8 35. Be6 Rxf2 36. Kxf2 Qxe6 37. Qa8+ Ke7 38. Qb7+ Kd8 39. Qb8+ Kd7 40. Qb7+ Kd8 41. Qb8+ Kd7 42. Qb7+ {[%emt 0:01:06] normal Ke7} 1/2-1/2

[Event "-chT Youth Countries 2019"]
[Site "Wuerzburg"]
[Date "2019.10.04"]
[Round "4.2"]
[White "Karsay, Pascal"]
[Black "Schneider, Jana"]
[Result "1/2-1/2"]
[ECO "A06"]
[WhiteElo "2276"]
[BlackElo "2240"]
[Annotator "ChessBase"]
[PlyCount "61"]
[EventDate "2019.10.02"]
[EventType "team-tourn"]
[EventRounds "7"]
[EventCountry "GER"]
[SourceTitle "playchess.com"]
[Source "ChessBase"]
[SourceQuality "1"]
[WhiteTeam "Rheinland-Pfalz"]
[BlackTeam "Bayern 1"]
[TimeControl "40/5400+30:1800+30"]

1. Nf3 d5 2. e3 Nf6 3. c4 e6 4. Nc3 Be7 5. b3 O-O 6. Bb2 Nbd7 7. g3 Re8 8. Bg2 c6 9. d4 b6 10. O-O Ba6 11. Qe2 Rc8 12. e4 Nf8 13. e5 N6d7 14. Rad1 Qc7 15. Rfe1 Qb8 16. Bf1 c5 17. dxc5 Bxc5 18. Nb5 Bxb5 19. cxb5 Bb4 20. Nd4 Bxe1 21. Rxe1 Nc5 22. b4 Ncd7 23. Qe3 f6 24. exf6 Nxf6 25. Nc6 Qb7 26. Bd3 Qf7 27. Ne5 Qh5 28. Be2 Qf5 29. Bd3 Qh5 30. Be2 Qf5 31. Bd3 {[%emt 0:01:38] normal} 1/2-1/2

[Event "-chT Youth Countries 2019"]
[Site "Wuerzburg"]
[Date "2019.10.04"]
[Round "4.2"]
[White "Niermann, Tristan"]
[Black "Knuedel, Torben"]
[Result "1-0"]
[ECO "E06"]
[WhiteElo "2227"]
[BlackElo "2193"]
[Annotator "NA"]
[PlyCount "85"]
[EventDate "2019.10.02"]
[EventType "team-tourn"]
[EventRounds "7"]
[EventCountry "GER"]
[SourceTitle "playchess.com"]
[Source "ChessBase"]
[SourceQuality "1"]
[WhiteTeam "Nordrhein-Westfalen"]
[BlackTeam "Niedersachsen"]
[TimeControl "40/5400+30:1800+30"]

1. d4 Nf6 2. c4 e6 3. g3 d5 4. Nf3 Be7 5. Bg2 O-O 6. O-O dxc4 7. Qc2 a6 8. a4 Bd7 9. Qxc4 Bc6 10. Bf4 Nbd7 11. Nc3 Bd6 12. Bg5 h6 13. Bxf6 Nxf6 14. Qd3 Bb4 15. Rfe1 Bxc3 16. bxc3 Be4 17. Qe3 c5 18. Red1 Qa5 19. dxc5 Rfd8 20. Rd4 Bc6 21. Ne5 Bxg2 22. Kxg2 Nd5 23. Qf3 Qc7 24. Rad1 Qxe5 25. e4 Rac8 26. exd5 Rxd5 27. Rxd5 exd5 28. Rxd5 Qe8 29. Qf5 Qc6 30. Qd7 Qxd7 31. Rxd7 Rxc5 32. Rxb7 g6 33. Rb6 Ra5 34. Rb4 Rc5 35. c4 Rf5 36. f4 h5 37. Kf3 Rc5 38. Ke4 Kf8 39. Kd4 Ra5 40. c5 Ke7 41. Rc4 Kd7 42. Kc3 Kc6 43. Kb4 {normal} 1-0

[Event "-chT Youth Countries 2019"]
[Site "Wuerzburg"]
[Date "2019.10.04"]
[Round "4.2"]
[White "Nguyen, Alex Dac-Vuong"]
[Black "Sieber, Fiona"]
[Result "0-1"]
[ECO "A28"]
[WhiteElo "2128"]
[BlackElo "2252"]
[Annotator "NA"]
[PlyCount "63"]
[EventDate "2019.10.02"]
[EventType "team-tourn"]
[EventRounds "7"]
[EventCountry "GER"]
[SourceTitle "playchess.com"]
[Source "ChessBase"]
[SourceQuality "1"]
[WhiteTeam "Sachsen"]
[BlackTeam "Sachsen-Anhalt"]
[TimeControl "40/5400+30:1800+30"]

1. c4 Nf6 2. Nc3 e5 3. Nf3 Nc6 4. e4 Bc5 5. Nxe5 Nxe5 6. d4 Bb4 7. dxe5 Nxe4 8. Qf3 f5 9. Be2 O-O 10. O-O Bxc3 11. bxc3 b6 12. Ba3 c5 13. Qd3 Bb7 14. Rad1 Bc6 15. Bc1 Qe7 16. f3 Ng5 17. Rfe1 Rae8 18. Qd6 Qxd6 19. Rxd6 Nf7 20. Rxc6 dxc6 21. f4 g5 22. Bh5 Re7 23. g4 fxg4 24. e6 Nd8 25. f5 h6 26. Bxg4 Kg7 27. h4 Kf6 28. hxg5+ hxg5 29. Be3 Nb7 30. Kg2 Nd6 31. Bg1 Nxc4 32. Bh2 {[%emt 0:02:08] normal} 0-1

[Event "-chT Youth Countries 2019"]
[Site "Wuerzburg"]
[Date "2019.10.04"]
[Round "4.2"]
[White "Holinka, Henning"]
[Black "Ratay, Meike"]
[Result "1-0"]
[ECO "B96"]
[WhiteElo "2101"]
[BlackElo "2032"]
[Annotator "NA"]
[PlyCount "63"]
[EventDate "2019.10.02"]
[EventType "team-tourn"]
[EventRounds "7"]
[EventCountry "GER"]
[SourceTitle "playchess.com"]
[Source "ChessBase"]
[SourceQuality "1"]
[WhiteTeam "Hamburg/Schleswig-Holstein"]
[BlackTeam "Thüringen"]
[TimeControl "40/5400+30:1800+30"]

1. e4 c5 2. Nf3 d6 3. d4 Nf6 4. Nc3 cxd4 5. Nxd4 a6 6. Bg5 e6 7. f4 Nbd7 8. Qe2 Qc7 9. O-O-O b5 10. a3 Bb7 11. g4 Rc8 12. Rg1 h6 13. Bh4 Nb6 14. Rg3 Be7 15. Rh3 Nc4 16. Be1 Qb6 17. g5 Nd7 18. g6 b4 19. gxf7+ Kxf7 20. axb4 Qxb4 21. Nb3 Bf6 22. e5 Be7 23. Rg3 g6 24. Nd5 Qa4 25. Nxe7 Qa2 26. Bc3 Kxe7 27. Rxg6 d5 28. Rxe6+ Kxe6 29. Qg4+ Ke7 30. Qg7+ Kd8 31. Qxh8+ Kc7 32. Qg7 {[%emt 0:00:46] normal} 1-0

[Event "-chT Youth Countries 2019"]
[Site "Wuerzburg"]
[Date "2019.10.04"]
[Round "4.2"]
[White "Junker, Magnus"]
[Black "Schmidek, Emil"]
[Result "1/2-1/2"]
[ECO "D37"]
[WhiteElo "2059"]
[BlackElo "2387"]
[Annotator "RC"]
[PlyCount "110"]
[EventDate "2019.10.02"]
[EventType "team-tourn"]
[EventRounds "7"]
[EventCountry "GER"]
[SourceTitle "playchess.com"]
[Source "ChessBase"]
[SourceQuality "1"]
[WhiteTeam "Bayern 2"]
[BlackTeam "Berlin"]
[TimeControl "40/5400+30:1800+30"]

1. c4 e6 2. Nc3 d5 3. d4 a6 4. cxd5 exd5 5. Nf3 Nf6 6. Bg5 Be6 7. e3 Nbd7 8. Bd3 Bd6 9. O-O O-O 10. e4 dxe4 11. Bxe4 Qb8 12. Bc2 c6 13. h3 h6 14. Bxf6 Nxf6 15. Qd3 Re8 16. Rfe1 Bf8 17. Ne5 Qd6 18. Ne4 Nxe4 19. Qxe4 f5 20. Qf4 g5 21. Qf3 Qxd4 22. Rad1 Qf4 23. Qh5 Bg7 24. Qg6 Re7 25. a3 Bd5 26. g3 Qxe5 27. Rxe5 Rxe5 28. Bxf5 Rae8 29. f4 Re3 30. Rxd5 cxd5 31. fxg5 hxg5 32. Qxg5 Re1+ 33. Kg2 R1e2+ 34. Kf3 d4 35. h4 d3 36. Bg6 Rf8+ 37. Kg4 Re5 38. Qd2 Rd8 39. Kh3 Re2 40. Qg5 Rd6 41. Qg4 b5 42. Bxd3 Rxb2 43. Qc8+ Bf8 44. Bf5 Re2 45. Qc7 Be7 46. h5 Re3 47. a4 Rf6 48. Qc8+ Kg7 49. axb5 axb5 50. Kg2 b4 51. g4 Rd6 52. Qc1 Re2+ 53. Kf3 Rdd2 54. Qa1+ Bf6 55. h6+ Kf7 {[%emt 0:00:04] normal} 1/2-1/2

[Event "-chT Youth Countries 2019"]
[Site "Wuerzburg"]
[Date "2019.10.04"]
[Round "4.3"]
[White "Pallas, Sebastian"]
[Black "Dahl, Christoph"]
[Result "1/2-1/2"]
[ECO "C45"]
[WhiteElo "2291"]
[BlackElo "2178"]
[Annotator "NA"]
[PlyCount "94"]
[EventDate "2019.10.02"]
[EventType "team-tourn"]
[EventRounds "7"]
[EventCountry "GER"]
[SourceTitle "playchess.com"]
[Source "ChessBase"]
[SourceQuality "1"]
[WhiteTeam "Sachsen-Anhalt"]
[BlackTeam "Sachsen"]
[TimeControl "40/5400+30:1800+30"]

1. e4 e5 2. Nf3 Nc6 3. d4 exd4 4. Nxd4 Bc5 5. Nxc6 Qf6 6. Qf3 Qxf3 7. gxf3 bxc6 8. Nd2 Ne7 9. Nb3 Bb6 10. a4 a5 11. Rg1 O-O 12. Be3 Bxe3 13. fxe3 d6 14. O-O-O Ba6 15. Bxa6 Rxa6 16. e5 c5 17. exd6 cxd6 18. e4 f5 19. Nd2 fxe4 20. fxe4 Rf4 21. Rge1 Kf7 22. Nc4 Ke6 23. b3 Ng6 24. Rd5 Ne7 25. Rd2 Nc8 26. Nb2 Rc6 27. Nc4 Ra6 28. Rg2 g6 29. Kd2 Nb6 30. Nb2 Nd7 31. Nd3 Rf6 32. Ke3 Ne5 33. Nxe5 Kxe5 34. Rd1 Ke6 35. Rgd2 Ke7 36. Rd5 Rc6 37. h4 h6 38. R5d2 Rb6 39. Rd5 Re6 40. Kd3 Rb4 41. Re1 Kd7 42. Re2 Kc6 43. Re3 Rexe4 44. Rxe4 Kxd5 45. c4+ Kc6 46. Kc3 Rb8 47. Re7 Rf8 {[%emt 0:00:00] normal} 1/2-1/2

[Event "-chT Youth Countries 2019"]
[Site "Wuerzburg"]
[Date "2019.10.04"]
[Round "4.3"]
[White "Goldbeck, Lars"]
[Black "Musiolik, David"]
[Result "1/2-1/2"]
[ECO "D37"]
[WhiteElo "2203"]
[BlackElo "2195"]
[Annotator "ChessBase"]
[PlyCount "61"]
[EventDate "2019.10.02"]
[EventType "team-tourn"]
[EventRounds "7"]
[EventCountry "GER"]
[SourceTitle "playchess.com"]
[Source "ChessBase"]
[SourceQuality "1"]
[WhiteTeam "Bayern 1"]
[BlackTeam "Rheinland-Pfalz"]
[TimeControl "40/5400+30:1800+30"]

1. d4 d5 2. c4 e6 3. Nc3 Be7 4. Nf3 Nf6 5. Bf4 O-O 6. e3 c6 7. Qc2 Na6 8. Rd1 h6 9. a3 Nc7 10. e4 b6 11. Ne5 Bb7 12. Bd3 c5 13. dxc5 bxc5 14. cxd5 exd5 15. exd5 Ncxd5 16. Nxd5 Bxd5 17. O-O Qb6 18. Nc4 Qb7 19. Rfe1 Rfe8 20. Re3 Rad8 21. Rde1 Bf8 22. f3 Re6 23. Rxe6 Bxe6 24. Be5 Be7 25. Bf5 Bxf5 26. Qxf5 Qd7 27. Qxd7 Rxd7 28. Kf2 Kf8 29. Ke2 Nd5 30. Rd1 Ke8 31. Ne3 {[%emt 0:03:34] normal} 1/2-1/2

[Event "-chT Youth Countries 2019"]
[Site "Wuerzburg"]
[Date "2019.10.04"]
[Round "4.3"]
[White "Stelmaszyk, Nico"]
[Black "Gallasch, Jonas"]
[Result "1/2-1/2"]
[ECO "B30"]
[WhiteElo "2190"]
[BlackElo "2099"]
[Annotator "NA"]
[PlyCount "88"]
[EventDate "2019.10.02"]
[EventType "team-tourn"]
[EventRounds "7"]
[EventCountry "GER"]
[SourceTitle "playchess.com"]
[Source "ChessBase"]
[SourceQuality "1"]
[WhiteTeam "Niedersachsen"]
[BlackTeam "Nordrhein-Westfalen"]
[TimeControl "40/5400+30:1800+30"]

1. e4 c5 2. Nf3 Nc6 3. c3 d5 4. exd5 Qxd5 5. d4 Bf5 6. Be2 cxd4 7. cxd4 Bxb1 8. Rxb1 e6 9. O-O Nf6 10. Qa4 a6 11. Bc4 Qd7 12. Bg5 Nd5 13. Rfe1 h6 14. Bh4 Bb4 15. Bxd5 Qxd5 16. Rec1 Bd6 17. Bg3 O-O 18. Bxd6 Qxd6 19. Qb3 b5 20. Rd1 Rfd8 21. Rbc1 Rac8 22. Qe3 Ne7 23. Rxc8 Rxc8 24. Rc1 Rd8 25. Qe4 Nf5 26. Rd1 Qd5 27. Qxd5 Rxd5 28. g4 Ne7 29. Rc1 Kf8 30. Kf1 Rd6 31. Rc7 Ke8 32. Ra7 Nc8 33. Rc7 Ne7 34. Ke2 Nc6 35. Ke3 Nb4 36. Rc8+ Rd8 37. Rxd8+ Kxd8 38. a3 Nd5+ 39. Kd3 f6 40. Nd2 a5 41. Nb3 a4 42. Nc5 Ke7 43. Ke4 g5 44. Nd3 Kd6 {[%emt 0:01:17] normal} 1/2-1/2

[Event "-chT Youth Countries 2019"]
[Site "Wuerzburg"]
[Date "2019.10.04"]
[Round "4.3"]
[White "Sulayev, Daniel"]
[Black "Köhler, Lukas"]
[Result "1/2-1/2"]
[ECO "A37"]
[WhiteElo "2149"]
[BlackElo "2040"]
[Annotator "NA"]
[PlyCount "83"]
[EventDate "2019.10.02"]
[EventType "team-tourn"]
[EventRounds "7"]
[EventCountry "GER"]
[SourceTitle "playchess.com"]
[Source "ChessBase"]
[SourceQuality "1"]
[WhiteTeam "Berlin"]
[BlackTeam "Bayern 2"]
[TimeControl "40/5400+30:1800+30"]

1. c4 c5 2. g3 Nc6 3. Bg2 g6 4. Nc3 Bg7 5. Nf3 d6 6. d3 e5 7. O-O Nge7 8. Ne1 Be6 9. Nc2 d5 10. cxd5 Nxd5 11. Ne3 Nde7 12. Nc4 O-O 13. Bg5 f6 14. Be3 b6 15. a4 Rb8 16. f4 Nd5 17. Kh1 Nxe3 18. Nxe3 exf4 19. gxf4 Nd4 20. Ned5 Kh8 21. e3 Nf5 22. Qe1 Ne7 23. Nxe7 Qxe7 24. e4 f5 25. Qg3 Rfd8 26. e5 a6 27. Qe3 Qd7 28. Rfd1 Qd4 29. Qxd4 Rxd4 30. Ne2 Rb4 31. d4 Rxb2 32. Bf3 Rd8 33. dxc5 Rc8 34. Nd4 Bc4 35. Rdc1 Rxc5 36. Rab1 Rxb1 37. Rxb1 b5 38. axb5 axb5 39. Bc6 Kg8 40. Bxb5 Bd5+ 41. Kg1 g5 42. Bd7 {[%emt 0:00:00] normal} 1/2-1/2

[Event "-chT Youth Countries 2019"]
[Site "Wuerzburg"]
[Date "2019.10.04"]
[Round "4.3"]
[White "Wu, Luka"]
[Black "Jakob, Georg"]
[Result "1/2-1/2"]
[ECO "B27"]
[WhiteElo "2117"]
[BlackElo "1952"]
[Annotator "NA"]
[PlyCount "101"]
[EventDate "2019.10.02"]
[EventType "team-tourn"]
[EventRounds "7"]
[EventCountry "GER"]
[SourceTitle "playchess.com"]
[Source "ChessBase"]
[SourceQuality "1"]
[WhiteTeam "Baden 1"]
[BlackTeam "Team Süd"]
[TimeControl "40/5400+30:1800+30"]

1. e4 c5 2. Nf3 g6 3. d4 cxd4 4. Qxd4 Nf6 5. Nc3 Nc6 6. Qa4 d6 7. e5 dxe5 8. Nxe5 Bd7 9. Nxd7 Qxd7 10. Be2 Bg7 11. Be3 O-O 12. O-O Rfd8 13. Rad1 Qf5 14. Bf3 Rdc8 15. Rd2 a6 16. Bb6 Rab8 17. Rfd1 Ne5 18. Be2 Qe6 19. Qb4 Bh6 20. Rd8+ Rxd8 21. Bxd8 Nc6 22. Qh4 Rxd8 23. Rxd8+ Nxd8 24. Qxh6 b5 25. a3 Nd5 26. Qd2 Nxc3 27. Qxd8+ Kg7 28. Bf1 Nd5 29. Qa5 Qc6 30. Qd2 e5 31. g3 Nf6 32. Qe2 Qc5 33. c4 bxc4 34. Qxc4 Qxc4 35. Bxc4 a5 36. b4 axb4 37. axb4 Nd7 38. Kf1 Kf6 39. Ke2 Ke7 40. g4 h6 41. Ke3 f5 42. gxf5 gxf5 43. Kf3 Kf6 44. Kg3 Kg5 45. f3 Nb6 46. Bb3 Nd7 47. Be6 Nb6 48. Bb3 Nd7 49. Be6 Nb6 50. Bb3 Nd7 51. Be6 {[%emt 0:00:00] normal} 1/2-1/2

[Event "-chT Youth Countries 2019"]
[Site "Wuerzburg"]
[Date "2019.10.04"]
[Round "4.3"]
[White "Schmekel, Florian"]
[Black "Richter, Nils"]
[Result "0-1"]
[ECO "E73"]
[WhiteElo "2102"]
[BlackElo "2213"]
[Annotator "NA"]
[PlyCount "76"]
[EventDate "2019.10.02"]
[EventType "team-tourn"]
[EventRounds "7"]
[EventCountry "GER"]
[SourceTitle "playchess.com"]
[Source "ChessBase"]
[SourceQuality "1"]
[WhiteTeam "Mecklenburg-Vorpommern"]
[BlackTeam "Württemberg"]
[TimeControl "40/5400+30:1800+30"]

1. d4 Nf6 2. c4 g6 3. Nc3 Bg7 4. e4 d6 5. Be2 O-O 6. Bg5 c5 7. d5 e6 8. Qd2 exd5 9. exd5 Qb6 10. Nf3 Bf5 11. Rc1 Ne4 12. Nxe4 Bxe4 13. b3 Nd7 14. O-O a5 15. Bh6 Bxh6 16. Qxh6 Bxf3 17. Bxf3 a4 18. Rc3 Qd8 19. Bd1 Qf6 20. Rh3 Qg7 21. Qh4 Rfe8 22. f4 axb3 23. axb3 Ra2 24. f5 g5 25. Qg3 Qd4+ 26. Kh1 f6 27. Qf3 Re4 28. Qh5 Nf8 29. Rg3 Ra1 30. h3 Qe5 31. Rd3 Rh4 32. Qe2 Rf4 33. Kg1 Qxf5 34. Rxf4 Qxf4 35. g3 Qf5 36. Kg2 Ra2 37. Bc2 Qe5 38. Re3 Qb2 {[%emt 0:00:21] normal} 0-1

[Event "-chT Youth Countries 2019"]
[Site "Wuerzburg"]
[Date "2019.10.04"]
[Round "4.3"]
[White "Grund, Sebastian"]
[Black "Popist, Florian"]
[Result "0-1"]
[ECO "E04"]
[WhiteElo "2054"]
[BlackElo "2019"]
[Annotator "NA"]
[PlyCount "74"]
[EventDate "2019.10.02"]
[EventType "team-tourn"]
[EventRounds "7"]
[EventCountry "GER"]
[SourceTitle "playchess.com"]
[Source "ChessBase"]
[SourceQuality "1"]
[WhiteTeam "Thüringen"]
[BlackTeam "Hamburg/Schleswig-Holstein"]
[TimeControl "40/5400+30:1800+30"]

1. d4 d5 2. c4 e6 3. Nf3 Nf6 4. g3 dxc4 5. Bg2 Nc6 6. O-O Rb8 7. Nc3 b5 8. Re1 Be7 9. e4 O-O 10. Bf4 Nb4 11. Ne5 Nd7 12. Qg4 Nxe5 13. dxe5 Kh8 14. Red1 Qe8 15. Bf1 a6 16. Rd2 Bb7 17. Rad1 Rd8 18. h4 Rxd2 19. Rxd2 Qc8 20. a3 Nc6 21. a4 b4 22. Nb1 Na5 23. Be3 Bc6 24. h5 h6 25. Rc2 Bxa4 26. Rc1 Bb5 27. Nd2 c5 28. Nxc4 Nxc4 29. Bxc4 Bxc4 30. Rxc4 a5 31. Qd1 Qc6 32. Qc1 Rc8 33. f4 a4 34. f5 exf5 35. exf5 Qf3 36. g4 Rd8 37. Bd2 Bg5 {[%emt 0:03:12] normal} 0-1

[Event "-chT Youth Countries 2019"]
[Site "Wuerzburg"]
[Date "2019.10.04"]
[Round "4.4"]
[White "Lutz, Ruben"]
[Black "Post, Hugo"]
[Result "1/2-1/2"]
[ECO "A45"]
[WhiteElo "2112"]
[BlackElo "2204"]
[Annotator "NA"]
[PlyCount "71"]
[EventDate "2019.10.02"]
[EventType "team-tourn"]
[EventRounds "7"]
[EventCountry "GER"]
[SourceTitle "playchess.com"]
[Source "ChessBase"]
[SourceQuality "1"]
[WhiteTeam "Sachsen"]
[BlackTeam "Sachsen-Anhalt"]
[TimeControl "40/5400+30:1800+30"]

1. d4 Nf6 2. Bf4 e6 3. e3 c5 4. c3 d5 5. Nd2 Bd6 6. Bg3 O-O 7. Ngf3 Qc7 8. Bd3 Nbd7 9. O-O b6 10. Bxd6 Qxd6 11. e4 e5 12. dxe5 Nxe5 13. Nxe5 Qxe5 14. f4 Qe7 15. e5 Ng4 16. Qe2 c4 17. Bb1 f6 18. h3 Nh6 19. Nf3 Nf7 20. Bc2 Bd7 21. Rad1 Qc5+ 22. Kh2 Rae8 23. Rfe1 Bc8 24. Qd2 fxe5 25. fxe5 Qc7 26. Qd4 Be6 27. Qh4 g6 28. Kh1 Qd8 29. Qg3 Kg7 30. Nd4 Qg5 31. Qxg5 Nxg5 32. h4 Nf7 33. Ba4 Re7 34. Nxe6+ Rxe6 35. Rxd5 Rd8 36. Bd7 {[%emt 0:07:47] normal} 1/2-1/2